 Dungeon Crawl Stone Soup version 0.31-a0-174-g85c54bcb58 (webtiles) character file.

Game seed: 16724071823704083505

484 qw the Shooter (level 7, -10/64 HPs)
             Began as a Naga Hunter on June 15, 2023.
             Mangled by a hornet (15 damage)
             ... on level 7 of the Dungeon.
             The game lasted 00:01:18 (3520 turns).

qw the Shooter (Naga Hunter)                        Turns: 3520, Time: 00:01:18

Health: -10/64     AC:  3    Str: 13    XL:     7   Next: 12%
Magic:  7/7        EV: 10    Int: 10    God:
Gold:   205        SH:  0    Dex: 22    Spells: 6/6 levels left

rFire   . . .        Y - +0 shortbow
rCold   . . .        (shield currently unavailable)
rNeg    . . .        c - +0 leather armour
rPois   +            (no helmet)
rElec   .            (no cloak)
rCorr   .            (no gloves)
SInv    +            (no barding)
Will    .....        (no amulet)
Stlth   ++           i - +6 ring of dexterity
HPRegen 0.30/turn    (no ring)
MPRegen 0.10/turn

%: no passive effects
@: short of breath, very slow
A: AC +2, large, see invisible, deformed body, poison resistance, slowness 2,
spit poison 1, naga tail 1
a: Spit Poison


You were on level 7 of the Dungeon.
You visited 1 branch of the dungeon, and saw 6 of its levels.

You collected 205 gold pieces.


Innate Abilities, Weirdness & Mutations

Your serpentine skin is tough. (AC +2)
You have supernaturally acute eyesight. (SInv)
Armour fits poorly on your strangely shaped body.
Your system is resistant to poisons. (rPois)
You cover ground very slowly.
You can spit poison.
You have a snake-like lower body.


   Skills:
 - Level 4.1 Fighting
 + Level 6.6 Ranged Weapons
 - Level 2.0 Dodging
 - Level 1.5 Stealth


You had 6 spell levels left.
You didn't know any spells.
Your spell library was empty.

Inventory:

Hand Weapons
 Y - a +0 shortbow (weapon)
Armour
 c - a +0 leather armour (worn)
Jewellery
 i - a +6 ring of dexterity (left hand)
Scrolls
 b - a scroll of brand weapon {unknown}
 k - 2 scrolls of identify
Potions
 a - a potion of haste
 d - a potion of curing {unknown}
 f - a potion of berserk rage {unknown}
 g - a potion of enlightenment {unknown}
 h - a potion of attraction {unknown}

Dungeon Overview and Level Annotations

Branches:
Dungeon (5/15)
 Temple: D:4-7

Altars:
The Shining One

Shops:
D:3 :


Message History

The hornet stings you but does no damage.
3513 ||| INVOKING Spit Poison.
Aiming: Spit Poison (1% risk of failure)
Press: ? - help, Shift-Dir - straight line, f/p - hornet The splash of poison hits the hornet!
The hornet is poisoned.
The hornet is moderately wounded.
You feel yourself speed up.
You feel very sick.
The hornet stings you! x2; You feel yourself slow down.
3514 ||| DRINKING 3 potions of heal wounds.
You feel much better.
You feel yourself speed up.
You feel sick. The hornet stings you! The hornet closely misses you.
You shoot an arrow. The arrow hits the hornet.
The hornet is heavily wounded.
You feel sick.
The hornet stings you but does no damage.
The hornet stings you.
You feel yourself slow down.
3516 ||| DRINKING 2 potions of heal wounds.
You feel much better.
You feel sick. The hornet stings you. The hornet closely misses you.
You shoot an arrow. The arrow closely misses the hornet.
You have got your breath back.
You feel sick.
You are no longer poisoned.
The hornet looks more healthy.
The hornet stings you! The hornet stings you.
3518 ||| DRINKING potion of heal wounds.
You feel much better.
You feel yourself speed up. The hornet stings you!
The hornet stings you but does no damage.
The hornet stings you!
You suddenly lose the ability to move!
The hornet stings you!
You can move again.
3520 ||| INVOKING Spit Poison.
Aiming: Spit Poison (1% risk of failure)
Press: ? - help, Shift-Dir - straight line, f/p - hornet The splash of poison misses the hornet.
The hornet stings you!
You die...

....##.. .....#..
..#......... .....##
..###...........
......#
###.............
......#.#....#.........
...........#..........
.......# #.....#...#
...#.#...#.......y.#
..##.##.........@..#
.## # ####.#..###......
####. #....## .####
.##.. #....# # .....#
##...## #.....###....#
.......##..).#
....##.......##
##.###...........


You could see a hornet.

Vanquished Creatures
  A water moccasin (D:7)
  A phantom (D:4)
  A howler monkey (D:4)
  A crimson imp (D:4)
  An orc priest (D:3)
  2 hounds (D:4)
  An orc wizard (D:3)
  3 adders
  An ufetubus (D:7)
  A worm (D:4)
  3 orcs (D:3)
  10 endoplasms
  5 giant cockroaches
  4 goblins
  7 hobgoblins
  3 jackals (D:1)
  A quokka (D:4)
  8 ball pythons
  2 bats
  4 frilled lizards
  A goblin zombie (D:4)
  3 hobgoblin zombies (D:4)
  12 kobolds
  3 kobold skeletons (D:4)
  An orc zombie (D:4)
  6 rats
86 creatures vanquished.

Notes
Turn   | Place    | Note
-------+----------+-------------------------------------------
     0 | D:1      | qw the Naga Hunter began the quest for the Orb.
     0 | D:1      | Reached XP level 1. HP: 19/19 MP: 1/1
     0 | D:1      | 0 ||| qw: Version: 0.2-a-29-g511e9b1
     0 | D:1      | 0 ||| qw: Game counter: 5438
     0 | D:1      | 0 ||| qw: Always use a shield: true
     0 | D:1      | 0 ||| qw: God list: Okawaru
     0 | D:1      | 0 ||| qw: Allow faded altars: false
     0 | D:1      | 0 ||| qw: Do Orc after D:15 true
     0 | D:1      | 0 ||| qw: Do second Lair branch before Depths: true
     0 | D:1      | 0 ||| qw: Lair rune preference: random
     0 | D:1      | 0 ||| qw: Plans: Normal
     0 | D:1      | 0 ||| PLANNING D:1-11
    40 | D:1      | 40 ||| INVOKING Spit Poison.
    61 | D:1      | 61 ||| INVOKING Spit Poison.
   102 | D:1      | 102 ||| INVOKING Spit Poison.
   103 | D:1      | Reached skill level 4 in Ranged Weapons
   103 | D:1      | Reached XP level 2. HP: 26/26 MP: 2/2
   155 | D:1      | 155 ||| INVOKING Spit Poison.
   305 | D:1      | 305 ||| INVOKING Spit Poison.
   316 | D:1      | 316 ||| INVOKING Spit Poison.
   331 | D:1      | 331 ||| INVOKING Spit Poison.
   338 | D:1      | 338 ||| INVOKING Spit Poison.
   498 | D:1      | 498 ||| INVOKING Spit Poison.
   587 | D:1      | 587 ||| INVOKING Spit Poison.
   615 | D:1      | 615 ||| INVOKING Spit Poison.
   632 | D:1      | 632 ||| INVOKING Spit Poison.
   744 | D:1      | Found a faded altar of an unknown god.
   745 | D:1      | 745 ||| INVOKING Spit Poison.
   761 | D:1      | 761 ||| UPGRADING to +6 ring of dexterity.
   762 | D:1      | 762 ||| READING scroll labelled QIUTIQ JEEC.
   763 | D:1      | 763 ||| READING scroll labelled JUTIOROKYU.
   764 | D:1      | 764 ||| READING scroll labelled FACAROI MAUD.
   765 | D:1      | 765 ||| DROPPING scroll of butterflies.
   805 | D:2      | 805 ||| INVOKING Spit Poison.
   947 | D:2      | 947 ||| INVOKING Spit Poison.
   948 | D:2      | Reached XP level 3. HP: 32/32 MP: 3/3
   980 | D:2      | 980 ||| INVOKING Spit Poison.
   985 | D:2      | 985 ||| INVOKING Spit Poison.
  1008 | D:2      | 1008 ||| INVOKING Spit Poison.
  1090 | D:2      | 1090 ||| INVOKING Spit Poison.
  1092 | D:2      | HP: 6/32 [goblin/sling bullet (4)]
  1289 | D:2      | 1289 ||| INVOKING Spit Poison.
  1336 | D:2      | 1336 ||| INVOKING Spit Poison.
  1366 | D:2      | 1366 ||| INVOKING Spit Poison.
  1372 | D:2      | 1372 ||| INVOKING Spit Poison.
  1398 | D:2      | 1398 ||| INVOKING Spit Poison.
  1494 | D:2      | 1494 ||| READING scroll labelled KEARUHIFOS.
  1495 | D:2      | 1495 ||| READING scroll labelled JAEXEF FUAKHA.
  1496 | D:2      | 1496 ||| READING scroll labelled DAFOXY TOLOCK.
  1500 | D:2      | 1500 ||| DRINKING 3 sedimented white potions.
  1501 | D:2      | 1501 ||| DRINKING 2 lumpy black potions.
  1502 | D:2      | 1502 ||| DROPPING potion of degeneration.
  1513 | D:3      | 1513 ||| INVOKING Spit Poison.
  1527 | D:3      | 1527 ||| INVOKING Spit Poison.
  1544 | D:3      | 1544 ||| INVOKING Spit Poison.
  1567 | D:3      | 1567 ||| INVOKING Spit Poison.
  1570 | D:3      | Reached skill level 5 in Ranged Weapons
  1570 | D:3      | Reached XP level 4. HP: 34/39 MP: 4/4
  1573 | D:3      | 1573 ||| INVOKING Spit Poison.
  1578 | D:3      | 1578 ||| INVOKING Spit Poison.
  1580 | D:3      | Reached skill level 3 in Fighting
  1580 | D:3      | 1580 ||| Stepping ~*~*~tactically~*~*~ (outnumbered).
  1582 | D:3      | 1582 ||| INVOKING Spit Poison.
  1585 | D:3      | 1585 ||| INVOKING Spit Poison.
  1681 | D:3      | 1681 ||| INVOKING Spit Poison.
  1682 | D:3      | Reached XP level 5. HP: 49/49 MP: 5/5
  1766 | D:3      | Found Laivet Segh's Book Shop.
  1766 | D:3      | Noticed a walking divine tome
  1768 | D:3      | Noticed a walking divine tome
  2008 | D:3      | 2008 ||| INVOKING Spit Poison.
  2012 | D:3      | 2012 ||| INVOKING Spit Poison.
  2015 | D:3      | 2015 ||| INVOKING Spit Poison.
  2057 | D:3      | 2057 ||| INVOKING Spit Poison.
  2281 | D:3      | 2281 ||| READING scroll labelled GAURI MOPLU.
  2282 | D:3      | 2282 ||| READING scroll labelled IRUM DIHUGOGIGG.
  2283 | D:3      | 2283 ||| READING 2 scrolls of identify.
  2283 | D:3      | 2283 ||| IDENTIFYING golden potion
  2294 | D:4      | 2294 ||| INVOKING Spit Poison.
  2316 | D:4      | 2316 ||| INVOKING Spit Poison.
  2322 | D:4      | 2322 ||| INVOKING Spit Poison.
  2410 | D:4      | Noticed a phantom
  2431 | D:4      | Killed a phantom
  2432 | D:4      | Reached XP level 6. HP: 38/56 MP: 6/6
  2508 | D:4      | 2508 ||| INVOKING Spit Poison.
  2509 | D:4      | Reached skill level 6 in Ranged Weapons
  2553 | D:4      | 2553 ||| INVOKING Spit Poison.
  2585 | D:4      | 2585 ||| INVOKING Spit Poison.
  2609 | D:4      | 2609 ||| INVOKING Spit Poison.
  2654 | D:4      | Found a glowing golden altar of the Shining One.
  2686 | D:4      | 2686 ||| INVOKING Spit Poison.
  2689 | D:4      | 2689 ||| INVOKING Spit Poison.
  2696 | D:4      | 2696 ||| INVOKING Spit Poison.
  2866 | D:4      | 2866 ||| INVOKING Spit Poison.
  2951 | D:4      | 2951 ||| INVOKING Spit Poison.
  3176 | D:4      | 3176 ||| READING scroll labelled JUPLAX VAMMEAGO.
  3177 | D:4      | 3177 ||| DRINKING 2 metallic puce potions.
  3178 | D:4      | 3178 ||| READING 2 scrolls of identify.
  3178 | D:4      | 3178 ||| IDENTIFYING smoky green potion
  3179 | D:4      | 3179 ||| DROPPING potion of lignification.
  3180 | D:4      | 3180 ||| DROPPING potion of brilliance.
  3195 | D:5      | Entered Level 5 of the Dungeon
  3195 | D:5      | You fall into a shaft and drop 2 floors!
  3253 | D:7      | Noticed a water moccasin
  3273 | D:7      | Killed a water moccasin
  3273 | D:7      | HP: 14/57 [poisoned by a water moccasin]
  3274 | D:7      | Reached XP level 7. HP: 15/64 MP: 7/7
  3278 | D:7      | HP: 12/64 [poisoned by a water moccasin]
  3497 | D:7      | Identified the +5 eveningstar "Eqoshrar" {vamp, rPois rN+
                  | Int+3 Dex+3}
  3507 | D:7      | Noticed a hornet
  3509 | D:7      | 3509 ||| INVOKING Spit Poison.
  3513 | D:7      | 3513 ||| INVOKING Spit Poison.
  3513 | D:7      | HP: 5/64 [hornet (17)]
  3514 | D:7      | 3514 ||| DRINKING 3 potions of heal wounds.
  3516 | D:7      | 3516 ||| DRINKING 2 potions of heal wounds.
  3518 | D:7      | 3518 ||| DRINKING potion of heal wounds.
  3518 | D:7      | HP: 14/64 [hornet (7)]
  3518 | D:7      | Paralysed by a hornet for 2 turns
  3519 | D:7      | HP: 5/64 [hornet (9)]
  3520 | D:7      | 3520 ||| INVOKING Spit Poison.
  3520 | D:7      | Mangled by a hornet

Levels and vault maps discovered:
D:1:      scummos_arrival_gate, layout_loops_corners, basic_ecumenical_altar
D:2:      layout_basic, minmay_split_cup_large
D:3:      layout_loops_ring, serial_shops, nicolae_shop_mannequins,
          roderic_roman_lattice, kennysheep_generic_room_4
D:4:      layout_gridville, nicolae_tso_besieged_by_evil,
          chequers_serial_rivers_micro_e
D:5:      minmay_polygon_palace, layout_basic, nicolae_wu_jian_wuxing_cycle,
          uniq_edmund
D:7:      layout_layer_cave, minmay_temple_entry_slanted,
          ebering_ghost_rock_garden, uniq_prince_ribbit1

Skill      XL: |  1  2  3  4  5  6 |
---------------+-------------------+-----
Ranged Weapons | 4 5 6 |  6.6
Fighting       | 3 4 |  4.1
Dodging        | 2 |  2.0
Stealth        | |  1.5

Action                     |  1- 3 |  4- 6 |  7- 9 || total
---------------------------+-------+-------+-------++-------
   Fire: Shortbow          |    61 |   164 |     6 ||   231
Ability: Spit Poison       |    28 |    21 |     3 ||    52
    Use: Scroll            |     6 |     5 |       ||    11
         Potion            |     2 |     1 |     3 ||     6
 Armour: Leather armour    |     6 |    39 |     3 ||    48
  Dodge: Dodged            |     6 |    79 |     3 ||    88

Table legend:
 A = Non-vault XP
 B = Vault XP
 C = Vault XP percentage of total XP
 D = Non-vault monster count
 E = Vault monster count
 F = Vault count percentage of total count
                 A         B        C        D         E       F
            +---------+---------+-------+---------+---------+-------
      Total |     628 |      64 |   9.2 |      72 |      14 |  16.3
            +---------+---------+-------+---------+---------+-------
        D:1 |      31 |       0 |   0.0 |      20 |       0 |   0.0
        D:2 |      31 |       6 |  16.2 |      11 |       4 |  26.7
        D:3 |     115 |       2 |   1.7 |      23 |       1 |   4.2
        D:4 |     292 |      56 |  16.1 |      16 |       9 |  36.0
        D:7 |     159 |       0 |   0.0 |       2 |       0 |   0.0
            +---------+---------+-------+---------+---------+-------
